 Dungeon Crawl Stone Soup version 0.19.0-2-gae57169 (webtiles) character file.

438 Pepeogr the Firebug (level 6, 0/48 HPs)
             Began as a Draconian Fire Elementalist on Nov 7, 2016.
             Killed by divine providence
             ... invoked by an orc priest
              (10 damage)
             ... on level 5 of the Dungeon.
             The game lasted 00:24:47 (4093 turns).

Pepeogr the Firebug (Draconian Fire Elementalist)   Turns: 4093, Time: 00:24:48

Health: 0/48       AC:  7    Str: 11    XL:     6   Next: 69%
Magic:  10/11      EV: 13    Int: 19    God:
Gold:   171        SH:  0    Dex: 11    Spells: 4 memorised, 0 levels left

rFire  . . .     SeeInvis .     d - +2 trident (venom)
rCold  . . .     Gourm    .     (armour unavailable)
rNeg   . . .     Faith    .     (no shield)
rPois  .         Spirit   .     (helmet restricted)
rElec  .         Reflect  .     j - +0 cloak
rCorr  .         Harm     .     (no gloves)
MR     .....     Rnd*Rage +     (no boots)
Stlth  ++........               (no amulet)
                                (no ring)
                                (no ring)

@: no status effects
A: unfitting armour, stinger 1, berserk 1, clever 1, cold-blooded, AC +6
a: no special abilities


You were on level 5 of the Dungeon.
You were not hungry.

You visited 1 branch of the dungeon, and saw 5 of its levels.

You collected 213 gold pieces.
You spent 42 gold pieces at shops.

Inventory:

Hand Weapons
 d - a +2 trident of venom (weapon)
 e - a +0 spear
 k - a -3 flail
 m - a +0 short sword
Armour
 j - a +0 cloak (worn)
Wands
 l - a wand of iceblast (3/15)
 o - a wand of random effects (40/48)
 w - a wand of random effects (20/48)
Scrolls
 g - a scroll of immolation
 h - a scroll of random uselessness
 q - 2 scrolls of remove curse
Potions
 c - a potion of curing
 n - a potion of agility
 p - a potion of heal wounds {unknown}
 r - a potion of brilliance {unknown}
 v - a potion of ambrosia {unknown}
 x - a potion of invisibility {unknown}
Books
 a - a book of Flames

   Spells                             Type                      Level
   a - Flame Tongue                   Conjuration/Fire             1
   b - Throw Flame                    Conjuration/Fire             2
   c - Conjure Flame                  Conjuration/Fire             3
   d - Inner Flame                    Hexes/Fire                   3
   e - Sticky Flame                   Conjuration/Fire             4
   f - Fireball                       Conjuration/Fire             5
Comestibles
 b - a bread ration
 f - 2 beef jerkies
 i - a slice of pizza
 s - 4 fruits
 t - a royal jelly
 u - a meat ration


   Skills:
 + Level 1.8 Fighting
 - Level 0.2 Maces & Flails
 * Level 2.0 Polearms
 * Level 3.4 Dodging
 + Level 2.3 Stealth
 - Level 1.2 Unarmed Combat
 * Level 3.3 Spellcasting
 + Level 2.3 Conjurations
 + Level 4.1 Fire Magic


You couldn't memorise any spells.
You knew the following spells:

 Your Spells              Type           Power        Failure   Level  Hunger
a - Flame Tongue          Conj/Fire      ###..        4%          1    None
b - Throw Flame           Conj/Fire      ###...       8%          2    ##.....
c - Inner Flame           Hex/Fire       ##......     21%         3    ###....
d - Fireball              Conj/Fire      ###.......   91%         5    ######.


Dungeon Overview and Level Annotations

Branches:
Dungeon (5/15)
 Temple: D:4-7

Altars:
Okawaru
Uskayaw

Shops:
D:4 [   D:5 [*


Innate Abilities, Weirdness & Mutations

Your plain brown scales are hard. (AC +6)
You cannot fit into any form of body armour.
You are cold-blooded and may be slowed by cold attacks.
Your tail ends in a poisonous barb.
You tend to lose your temper in combat.
Your mind is acute. (Int +2)


Message History

The orc priest is moderately wounded.
The orc misses you.
The orc priest mumbles some strange prayers to Beogh against you.
Pain shoots through your body!
You barely miss the orc priest.
The orc priest is moderately wounded.
The orc misses you.
The orc priest hits you with a hand axe.
The orc closely misses you.
You closely miss the orc.
The orc priest hits you with a hand axe!
* * * LOW HITPOINT WARNING * * *
The orc barely misses you.
Casting: Flame Tongue
Confirm with . or Enter, or press ? or * to list all spells.
Aiming: Flame Tongue
Press: ? - help, Shift-Dir - straight line, p - orc priest The orc priest mumbles some strange prayers to Beogh against you.
Beogh smites you!
You die...

#########
.......<.
.........
#........
#........ #oo..#
##o# ##o@#
####### #..##
#.....# ##..#
#.≈.≈.# ##...#
#..∩..# ##...##
#.≈.≈.# ##....#
#.....# ##.....#
###'#####.....##
#.# ##......#


You could see 2 orc priests and 2 orcs.

Vanquished Creatures
  A phantom (D:3)
  A centaur (D:5)
  A hound (D:3)
  A killer bee zombie (D:5)
  A hound skeleton (D:4)
  Robin (D:4)
  9 adders
  An ooze (D:3)
  An adder skeleton (D:4)
  2 worms
  3 dart slugs
  5 leopard geckos
  5 orcs
  A ball python (D:3)
  7 bats
  6 giant cockroaches
  10 goblins
  6 hobgoblins
  11 jackals
  A quokka (D:2)
  3 frilled lizards
  6 kobolds
  7 rats
90 creatures vanquished.

Notes
Turn   | Place    | Note
-------+----------+-------------------------------------------
     0 | D:1      | Pepeogr the Draconian Fire Elementalist began the quest for the Orb.
     0 | D:1      | Reached XP level 1. HP: 14/14 MP: 3/3
   697 | D:1      | Reached XP level 2. HP: 20/20 MP: 5/5
   997 | D:2      | Reached XP level 3. HP: 15/26 MP: 0/6
  1053 | D:2      | Learned a level 2 spell: Throw Flame
  1065 | D:2      | Noticed a dagger
  1116 | D:2      | Noticed a dagger
  1119 | D:2      | Found a hide-covered altar of Uskayaw.
  1278 | D:2      | Reached skill level 1 in Unarmed Combat
  1317 | D:2      | Gained mutation: Your tail ends in a poisonous barb. [potion of mutation]
  1317 | D:2      | Gained mutation: You tend to lose your temper in combat. [potion of mutation]
  1317 | D:2      | Gained mutation: Your mind is acute. (Int +2) [potion of mutation]
  1323 | D:2      | Learned a level 3 spell: Inner Flame
  1568 | D:2      | Reached XP level 4. HP: 34/34 MP: 4/7
  1989 | D:3      | Noticed Robin
  2186 | D:4      | Found Kemouwn's Armour Emporium.
  2399 | D:4      | Reached XP level 5. HP: 23/39 MP: 6/9
  2579 | D:3      | Found an iron altar of Okawaru.
  2740 | D:4      | Killed Robin
  2976 | D:3      | Reached skill level 1 in Fighting
  3035 | D:3      | Noticed a phantom
  3043 | D:3      | Reached skill level 1 in Polearms
  3122 | D:3      | Killed a phantom
  3122 | D:3      | Reached XP level 6. HP: 22/48 MP: 1/10
  3417 | D:3      | Learned a level 5 spell: Fireball
  3762 | D:5      | Entered Level 5 of the Dungeon
  3821 | D:5      | Reached skill level 4 in Fire Magic
  4003 | D:5      | Found Uhaogoniq's General Store.
  4030 | D:5      | Bought a scroll of remove curse for 42 gold pieces
  4050 | D:5      | Found Xoj Kiwa's Antique Armour Boutique.
  4093 | D:5      | Killed from afar by an orc priest

Skill      XL: |  1  2  3  4  5  6 |
---------------+-------------------+-----
Dodging        | 2 3 |  3.4
Unarmed Combat | 1 |  1.2
Stealth        | 2 |  2.3
Fighting       | 1 |  1.8
Polearms       | 1 2 |  2.0
Spellcasting   | 3 |  3.3
Conjurations   | 2 |  2.3
Fire Magic     | 4 |  4.1
Maces & Flails | |  0.2

Action                   |  1- 3 |  4- 6 || total
-------------------------+-------+-------++-------
Melee: Unarmed           |   101 |    21 ||   122
       Tailslap          |    10 |     3 ||    13
       Flail             |       |    63 ||    63
       Trident           |       |    28 ||    28
       Punch             |       |     1 ||     1
 Cast: Flame Tongue      |    38 |   108 ||   146
  Use: Scroll            |     3 |     4 ||     7
       Potion            |     5 |     2 ||     7
 Stab: Sleeping          |     1 |       ||     1
  Eat: Bread ration      |     1 |     1 ||     2
       Royal jelly       |       |     1 ||     1
Armor: Skin              |    37 |    96 ||   133
Dodge: Dodged            |    70 |   173 ||   243
